 Dungeon Crawl Stone Soup version 0.27-a0-909-g0721f309d1 (webtiles) character file.

Game seed: 84035569775155010

1239 littlecub the Ruffian (level 8, 0/80 HPs)
             Began as a Troll Fighter on Apr 8, 2021.
             Slain by a water moccasin (2 damage)
             ... on level 6 of the Dungeon.
             The game lasted 00:05:15 (3917 turns).

littlecub the Ruffian (Troll Fighter)               Turns: 3917, Time: 00:05:15

Health: 0/80       AC:  4    Str: 27    XL:     8   Next: 25%
Magic:  0/16       EV:  9    Int:  4    God:
Gold:   188        SH:  9    Dex:  9    Spells: 7/7 levels left

rFire    . . .     SeeInvis .     - Unarmed
rCold    . . .     Faith    .   b - +0 kite shield
rNeg     . . .     Spirit   +   a - +0 robe
rPois    .         Reflect  .   (helmet restricted)
rElec    .         Harm     .   (no cloak)
rCorr    .         Rampage  .   (gloves unavailable)
Will     .....                  (boots unavailable)
Stlth    +.........             l - amulet of guardian spirit
HPRegen  1.23/turn              t - ring of magical power
MPRegen  0.15/turn              (no ring)

@: mighty, lethally poisoned (0 -> 0)
A: large, unfitting armour, claws 3, regeneration 1, shaggy fur 1, tough skin 1
a: no special abilities


You were on level 6 of the Dungeon.
You visited 1 branch of the dungeon, and saw 6 of its levels.

You collected 188 gold pieces.

Inventory:

Missiles
 k - 5 atropa-tipped darts (quivered)
Armour
 a - a +0 robe (worn)
 b - a +0 kite shield (worn)
Jewellery
 l - an amulet of guardian spirit (around neck)
 t - a ring of magical power (left claw)
 u - an amulet of magic regeneration
 v - a ring of fire
Scrolls
 e - 2 scrolls of magic mapping
 f - a scroll of identify
 g - a scroll of summoning
 i - a scroll of enchant armour {unknown}
 j - 3 scrolls of teleportation {unknown}
 n - 2 scrolls of immolation
 p - a scroll of fog
 w - a scroll of amnesia {unknown}
Potions
 c - a potion of might
 d - 3 potions of ambrosia {unknown}
 h - 2 potions of curing {unknown}
 m - a potion of resistance {unknown}
 o - a potion of lignification {unknown}
 q - a potion of brilliance {unknown}
 r - a potion of haste {unknown}
 s - 3 potions of mutation {unknown}


   Skills:
 * Level 5.3 Fighting
 + Level 4.1 Dodging
 + Level 4.1 Shields
 * Level 6.0 Unarmed Combat


You had 7 spell levels left.
You didn't know any spells.
Your spell library was empty.

Dungeon Overview and Level Annotations

Branches:
Dungeon (6/15)
 Temple: D:4-7

Altars:
Dithmenos
Fedhas
Gozag
Kikubaaqudgha
Uskayaw
Vehumet
Yredelemnul
The Shining One


Innate Abilities, Weirdness & Mutations

You are too large for most types of armour.
You have claws for hands.
Your natural rate of healing is unusually fast.
You are covered in fur. (AC +1)
You have tough skin. (AC +1)


Message History

You miss something.
The water moccasin hisses angrily.
Something hits you.
* * * LOW HITPOINT WARNING * * *
You closely miss something.
A hornet zombie comes into view.
Something hits you.
* * * LOW HITPOINT WARNING * * *
Something hits you.
* * * LOW HITPOINT WARNING * * *
The hornet zombie moves out of view.
You closely miss something.
You hear some strange, mumbled words.
A puff of flame appears from out of thin air!
The puff of flame hits you but does no damage.
Your shield prevents you from hitting something.
Something hits you but does no damage.
You mangle something!!
Reactivating autopickup.
You feel a bit more experienced. The water moccasin barely misses you.
Items here: ! )) [[.
You block the water moccasin's attack.
You miss the water moccasin. The water moccasin barely misses you.
You miss the water moccasin. The water moccasin bites you!
* * * LOW HITPOINT WARNING * * *
You are poisoned.
The water moccasin poisons you! You block the water moccasin's attack.
You miss the water moccasin.
* * * LOW HITPOINT WARNING * * *
You feel very sick.
The water moccasin bites you but does no damage.
* * * LOW HITPOINT WARNING * * *
You feel very sick. The water moccasin barely misses you.
* * * LOW HITPOINT WARNING * * *
You feel very sick.
You feel sick. You block the water moccasin's attack.
You feel very mighty all of a sudden.
You feel sick. The water moccasin bites you.
You die...

#...# #.....
#...########P.P...
#..........P......
#...#####.P...PP..
#...# #P...#....
#<..# ###...###...
##### #..)P.....P.
########..)........
#.....@SZ.##.._..##
#....###..# ......#
#... #..# #######
#.. ##... #. .....
# #.#### #.# .#


You could see a water moccasin and a hornet zombie.

Vanquished Creatures
  Grinder (D:5)
  2 orc warriors
  An ice beast (D:5)
  An ogre (D:5)
  2 necrophages (D:4)
  A phantom (D:5)
  A water moccasin skeleton (D:5)
  A howler monkey (D:5)
  An orc priest (D:4)
  3 hounds
  A jelly (D:4)
  2 orc wizards
  A hound skeleton (D:4)
  Robin (D:3)
  2 adders
  A white imp (D:5)
  An ufetubus (D:5)
  A worm (D:2)
  A dart slug (D:4)
  12 orcs
  3 ball pythons
  5 endoplasms
  3 giant cockroaches
  12 goblins
  8 hobgoblins
  7 jackals
  4 quokkas
  4 bats
  A frilled lizard (D:2)
  6 kobolds
  3 rats (D:1)
93 creatures vanquished.

Vanquished Creatures (others)
  An orc wizard (D:4)
1 creature vanquished.

Grand Total: 94 creatures vanquished

Notes
Turn   | Place    | Note
-------+----------+-------------------------------------------
     0 | D:1      | littlecub the Troll Fighter began the quest for the Orb.
     0 | D:1      | Reached XP level 1. HP: 22/22 MP: 0/0
   204 | D:1      | Reached XP level 2. HP: 29/29 MP: 1/1
   791 | D:2      | Reached XP level 3. HP: 36/36 MP: 2/2
  1301 | D:2      | Reached skill level 3 in Unarmed Combat
  1301 | D:2      | Reached XP level 4. HP: 40/45 MP: 3/3
  1461 | D:3      | Noticed Robin
  1476 | D:3      | Killed Robin
  2011 | D:4      | Noticed a necrophage
  2020 | D:4      | Killed a necrophage
  2021 | D:4      | Reached XP level 5. HP: 53/53 MP: 4/4
  2054 | D:4      | Found a blossoming altar of Fedhas.
  2054 | D:4      | Found a hide-covered altar of Uskayaw.
  2098 | D:4      | Noticed a necrophage
  2109 | D:4      | Killed a necrophage
  2110 | D:4      | Reached skill level 4 in Unarmed Combat
  2110 | D:4      | Reached XP level 6. HP: 13/62 MP: 5/5
  2120 | D:4      | HP: 2/62 [orc/+0 trident (7)]
  2222 | D:4      | Noticed an orc warrior
  2245 | D:4      | Killed an orc warrior
  2557 | D:4      | Reached XP level 7. HP: 50/70 MP: 6/6
  2739 | D:4      | Found a glowing golden altar of the Shining One.
  2829 | D:5      | Entered Level 5 of the Dungeon
  3053 | D:5      | Reached skill level 5 in Unarmed Combat
  3416 | D:5      | Noticed Grinder
  3435 | D:5      | Killed Grinder
  3436 | D:5      | Reached skill level 5 in Fighting
  3436 | D:5      | Reached XP level 8. HP: 50/80 MP: 7/7
  3572 | D:5      | Found a basalt altar of Yredelemnul.
  3572 | D:5      | Found a shadowy altar of Dithmenos.
  3572 | D:5      | Found an opulent altar of Gozag.
  3573 | D:5      | Found a radiant altar of Vehumet.
  3867 | D:6      | Found an ancient bone altar of Kikubaaqudgha.
  3895 | D:6      | Reached skill level 6 in Unarmed Combat
  3915 | D:6      | HP: 3/80 [poisoned by a water moccasin]
  3917 | D:6      | Slain by a water moccasin

Illustrated notes

Levels and vault maps discovered:
D:1:      saegor_arrival_simple_d, layout_rooms, serial_rivers,
          chequers_serial_rivers_micro_b, chequers_serial_rivers_large_a,
          chequers_serial_rivers_micro_d, chequers_serial_rivers_micro_c,
          chequers_serial_rivers_micro_e, chequers_serial_rivers_small_b
D:2:      layout_loops_cross, minmay_diced_spiral
D:3:      layout_rooms, moated_statue, uniq_robin
D:4:      layout_basic, gammafunk_temple_overflow_elements,
          nicolae_tso_swordbearing_angel, grunt_tough_drop
D:5:      layout_basic, minitemple, serial_bayou_pond_d, uniq_grinder
D:6:      layout_basic, kiku_gazebo_garden_becter, serial_glass,
          glass_columns_b, glass_columns_b, glass_columns_b, glass_columns_b,
          glass_columns_a, glass_columns_c, glass_columns_c, glass_columns_a,
          glass_columns_a, glass_columns_a, glass_columns_b, glass_columns_a,
          glass_columns_a, glass_columns_a, feat_on_display, feat_on_display,
          lightli_minifort, uniq_duvessa, uniq_maggie, uniq_pikel

Skill      XL: |  1  2  3  4  5  6  7  8 |
---------------+-------------------------+-----
Fighting       | 3 4 5 |  5.3
Unarmed Combat | 3 4 5 6 |  6.0
Dodging        | 3 4 |  4.1
Shields        | 3 4 |  4.1

Action                   |  1- 3 |  4- 6 |  7- 9 || total
-------------------------+-------+-------+-------++-------
Melee: Unarmed           |    92 |   134 |   111 ||   337
  Use: Scroll            |       |     4 |       ||     4
       Potion            |       |       |     1 ||     1
Armor: Robe              |    19 |    32 |    19 ||    70
Dodge: Dodged            |    25 |    51 |    19 ||    95
Block: Kite shield       |    42 |    61 |    40 ||   143

Table legend: (Time is in decaauts)
 A = Elapsed time spent in this place.
 B = Non-inter-level travel time spent in this place.
 C = Inter-level travel time spent in this place.
 D = Time resting spent in this place.
 E = Time spent auto-exploring this place.
 F = Levels seen in this place.
 G = Mean time per level.
                   A        B        C        D        E       F      G
               +--------+--------+--------+--------+--------+-----+--------+
         Total |   3974 |   3820 |    154 |      0 |   3163 |   6 |  662.3 |
       Dungeon |   3974 |   3820 |    154 |      0 |   3163 |   6 |  662.3 |
               +--------+--------+--------+--------+--------+-----+--------+

Top non-repeatable levels by time:
     D:5: 1022 daAuts
     D:4: 923 daAuts
     D:1: 729 daAuts
     D:2: 693 daAuts
     D:3: 530 daAuts
     D:6: 74 daAuts
